 Dungeon Crawl Stone Soup version 0.31-a0-277-g31ea1f65cc (webtiles) character file.

Game seed: 3718556535462336857

170 Ofeo the Changeling (level 5, -3/45 HPs)
             Began as a Draconian Shapeshifter on July 16, 2023.
             Killed from afar by Natasha (9 damage)
             ... with a puff of flame
             ... on level 3 of the Dungeon.
             The game lasted 00:03:27 (2384 turns).

Ofeo the Changeling (Draconian Shapeshifter)        Turns: 2384, Time: 00:03:28

Health: -3/45      AC:  5    Str: 19    XL:     5   Next: 25%
Magic:  5/5        EV: 12    Int:  9    God:
Gold:   94         SH:  0    Dex: 11    Spells: 4/4 levels left

rFire   . .          .
                       - Unarmed
rCold   . . .        (no shield)
rNeg    . . .        (body armour unavailable)
rPois   .            (helmet currently unavailable)
rElec   .            (cloak currently unavailable)
rCorr   .            (gloves currently unavailable)
SInv    .            (boots currently unavailable)
Will    .....        (no amulet)
Stlth   +            (no ring)
HPRegen 0.27/turn    (no ring)
MPRegen 0.09/turn

%: no passive effects
@: beast-form
A: beast (slay +2), AC +5, unfitting armour, cold-blooded
a: Begin Untransformation


You were on level 3 of the Dungeon.
You were a hulking beast.
You visited 1 branch of the dungeon, and saw 3 of its levels.

You collected 94 gold pieces.

Inventory:

Talismans
 b - a beast talisman
Wands
 a - a wand of polymorph (3)


   Skills:
 + Level 3.3 Fighting
 + Level 2.7 Dodging
 + Level 3.0 Unarmed Combat
 * Level 4.0 Shapeshifting


You had 4 spell levels left.
You didn't know any spells.
Your spell library contained the following spells:

 Spells                   Type           Power      Damage    Failure   Level
 Lesser Beckoning         Tloc           0%         N/A       52%         2
 Gell's Gravitas          Tloc           0%         N/A       77%         3
 Teleport Other           Tloc           0%         N/A       77%         3


Dungeon Overview and Level Annotations

Branches:
Dungeon (3/15)

Altars:

Shops:
D:1 !

Annotations:
D:2 Sigmund
D:3 Natasha


Innate Abilities, Weirdness & Mutations

You are a hulking beast.
Your limbs bulge with bestial killing power. (Slay +2)
Your plain brown scales are hard. (AC +5)
You cannot fit into any form of body armour.
You are cold-blooded and may be slowed by cold attacks.


Message History

Natasha zaps a wand.
The puff of flame hits you!
You take 11 damage, and have 29/45 hp.
MASSIVE DAMAGE!!
You closely miss Natasha. Natasha claws you but does no damage.
You closely miss Natasha.
Your tail-slap misses Natasha.
Natasha claws you.
You take 5 damage, and have 24/45 hp.
You are too injured to fight recklessly!
You are too injured to fight recklessly!
You are too injured to fight recklessly!
You are too injured to fight recklessly!
You are too injured to fight recklessly!
You are too injured to fight recklessly!
You are too injured to fight recklessly!
You are too injured to fight recklessly!
You are too injured to fight recklessly!
You are too injured to fight recklessly!
You are too injured to fight recklessly!
You are too injured to fight recklessly!
You are too injured to fight recklessly!
You barely miss Natasha.
Natasha zaps a wand.
The puff of flame hits you!
Natasha zaps a wand.
The puff of flame hits you.
* * * LOW HITPOINT WARNING * * *
You take 13 damage, and have 11/45 hp.
MASSIVE DAMAGE!!
Natasha claws you but does no damage.
You hit Natasha.
Natasha is lightly wounded.
Natasha mumbles some strange words.
You feel disoriented. Natasha casts a spell at you. The magic dart hits you.
* * * LOW HITPOINT WARNING * * *
You take 5 damage, and have 6/45 hp.
You hit Natasha but do no damage.
Natasha is lightly wounded.
Natasha closely misses you.
You feel better.
Natasha zaps a wand.
The puff of flame hits you!
* * * LOW HITPOINT WARNING * * *
You punch Natasha!
Your tail-slap misses Natasha.
Natasha is heavily wounded.
Natasha zaps a wand.
The puff of flame hits you!
You die...

## #.. ##.## #..
#..### .. #..
##...##....
#..#######.........
#....##.†.)..####..
###...).##...#
##...###...#
##..##....#
#.h....#..#
###.h.#####...
#.....### ....
#....#...# ...
.....###.#.# ..##..
#.#.# . #... #...#
#.# ##..# #.
#..#### .#


You could see Natasha.

Vanquished Creatures
  Ijyb (D:2)
  Natasha (twice) (D:3)
  Robin (D:3)
  5 adders
  A worm (D:2)
  5 bats
  An endoplasm (D:3)
  8 goblins
  4 hobgoblins
  2 jackals
  2 quokkas
  5 ball pythons
  2 frilled lizards
  A kobold (D:1)
  3 rats (D:1)
43 creatures vanquished.

Notes
Turn   | Place    | Note
-------+----------+-------------------------------------------
     0 | D:1      | Ofeo the Draconian Shapeshifter began the quest for the
                  | Orb.
     0 | D:1      | Reached XP level 1. HP: 17/17 MP: 1/1
   207 | D:1      | Found Juaf's Distillery.
   584 | D:1      | Reached XP level 2. HP: 25/25 MP: 2/2
   920 | D:2      | Noticed Sigmund
  1636 | D:3      | Noticed Ijyb
  1640 | D:3      | Noticed Robin
  1645 | D:3      | Reached XP level 3. HP: 5/30 MP: 3/3
  1652 | D:2      | Killed Ijyb
  1868 | D:3      | Reached XP level 4. HP: 30/37 MP: 4/4
  2207 | D:3      | Killed Robin
  2282 | D:3      | Noticed Natasha
  2287 | D:3      | Killed Natasha
  2321 | D:3      | Noticed Natasha
  2329 | D:3      | Reached XP level 5. HP: 36/45 MP: 5/5
  2358 | D:3      | Killed Natasha
  2359 | D:3      | Reached skill level 4 in Shapeshifting
  2372 | D:3      | Noticed Natasha
  2384 | D:3      | Killed from afar by Natasha

Illustrated notes

Levels and vault maps discovered:
D:1:      dpeg_arrival_rhombus, layout_loops_cross, serial_shops,
          nicolae_shop_advertising_works [nicolae_subvault_shop_adworks],
          serial_glass, glass_columns_a, glass_columns_a, glass_columns_b,
          glass_columns_b
D:2:      layout_rooms, uniq_crazy_yiuf_cottage, uniq_sigmund
D:3:      layout_rooms, uniq_ijyb, uniq_jessica, uniq_robin, uniq_natasha

Skill      XL: |  1  2  3  4  5 |
---------------+----------------+-----
Dodging        | 2 |  2.7
Fighting       | 3 |  3.3
Unarmed Combat | 3 |  3.0
Shapeshifting  | 4 |  4.0

Action                     |  1- 3 |  4- 6 || total
---------------------------+-------+-------++-------
  Melee: Unarmed           |    64 |    80 ||   144
         Tailslap          |     7 |     5 ||    12
         Punch             |       |     2 ||     2
    Use: Scroll            |     4 |       ||     4
         Potion            |     5 |     1 ||     6
 Armour: Skin              |    37 |    27 ||    64
  Dodge: Dodged            |    57 |    50 ||   107

Table legend: (Time is in decaauts)
 A = Elapsed time spent in this place.
 B = Non-inter-level travel time spent in this place.
 C = Inter-level travel time spent in this place.
 D = Time resting spent in this place.
 E = Time spent auto-exploring this place.
 F = Levels seen in this place.
 G = Mean time per level.
                   A        B        C        D        E       F      G
               +--------+--------+--------+--------+--------+-----+--------+
         Total |   2387 |   2185 |    202 |    468 |   1204 |   3 |  795.7 |
       Dungeon |   2387 |   2185 |    202 |    468 |   1204 |   3 |  795.7 |
               +--------+--------+--------+--------+--------+-----+--------+

Top non-repeatable levels by time:
     D:1: 1116 daAuts
     D:2: 1051 daAuts
     D:3: 220 daAuts
